 Dungeon Crawl Stone Soup version 0.30-a0-141-g30f27751c5 (webtiles) character file.

Game seed: 8156547899108966945

9355 BlueGoblin the Fighter (level 11, -1/89 HPs)
             Began as a Palentonga Fighter on Sept 25, 2022.
             Was a Believer of Hepliaklqana.
             Slain by a freezing wraith (20 damage)
             ... on level 9 of the Dungeon.
             The game lasted 00:32:17 (8508 turns).

BlueGoblin the Fighter (Palentonga Fighter)         Turns: 8508, Time: 00:32:18

Health: -1/89      AC: 17    Str: 32    XL:     11   Next: 22%
Magic:  11/11      EV: 16    Int:  8    God:    Hepliaklqana [**....]
Gold:   870        SH:  0    Dex: 14    Spells: 10/10 levels left

rFire   . . .      SeeInvis +    a - +3 lajatang (venom)
rCold   . . .      Faith    .    (shield currently unavailable)
rNeg    + . .      Spirit   .    J - +4 Cigotuvi's embrace {rMiasma Drain rN+}
rPois   +          Reflect  .    (no helmet)
rElec   .          Harm     .    i - scarf {repulsion}
rCorr   .          Rampage  .    E - +0 pair of gloves
Will    .....                    (no barding)
Stlth   +.........               K - amulet of Pits {rPois Regen+ Dex+4}
HPRegen 1.04/turn                n - +6 ring of strength
MPRegen 0.12/turn                t - +4 ring of evasion

@: about to teleport, flying, slowed, repel missiles, curled up, very slow
A: reduced essence, large, rugged brown scales 3, see invisible, deformed body,
roll 1, armoured tail, reflexive curl
a: Rolling Charge, Renounce Religion, Recall Ancestor, Ancestor Identity


You were on level 9 of the Dungeon.
You worshipped Hepliaklqana.
Hepliaklqana was pleased with you.
You visited 2 branches of the dungeon, and saw 11 of its levels.
You also visited: Bailey.

You collected 1564 gold pieces.
You spent 694 gold pieces at shops.

Inventory:

Hand Weapons
 a - a +3 lajatang of venom (weapon)
 b - a +1 battleaxe of electrocution
 H - a +4 vorpal morningstar
 I - a +0 dire flail
Missiles
 z - a throwing net
Armour
 c - a +0 buckler
 f - a +3 plate armour of willpower
 i - a scarf of repulsion (worn)
 w - a scarf of shadows
 E - a +0 pair of gloves (worn)
 J - the +4 Cigotuvi's embrace (worn) {rMiasma Drain rN+}
   (You found it in a bailey)

   It gathers nearby corpses to temporarily increase the armour it provides.
   It protects you from foul pestilence.
   rN:        It protects you from negative energy.
   Drain:     It drains your maximum health when unequipped.
Jewellery
 n - a +6 ring of strength (left hand)
 r - a ring of protection from fire
 t - a +4 ring of evasion (right hand)
 D - a ring of willpower
 K - the amulet of Pits (around neck) {rPois Regen+ Dex+4}
   (You bought it in a shop on level 9 of the Dungeon)

   [amulet of regeneration]

   Dex:       It affects your dexterity (+4).
   rPois:     It protects you from poison.
   Regen:     It increases your rate of health regeneration.
Wands
 u - a wand of flame (17)
 y - a wand of roots (11)
 G - a wand of charming (5)
Scrolls
 d - a scroll of magic mapping
 e - 3 scrolls of butterflies
 g - 6 scrolls of teleportation
 l - 2 scrolls of fear
 q - 2 scrolls of vulnerability {unknown}
 s - a scroll of immolation {unknown}
 A - a scroll of enchant armour
 F - a scroll of identify
Potions
 h - 2 potions of flight
 j - 7 potions of curing
 k - a potion of attraction {unknown}
 m - 2 potions of invisibility
 o - 3 potions of magic
 p - a potion of resistance {unknown}
 v - 4 potions of lignification {unknown}
 x - a potion of haste {unknown}
 B - a potion of might
 C - a potion of brilliance {unknown}


   Skills:
 + Level 10.6 Fighting
 - Level 2.0 Axes
 + Level 7.3 Staves
 + Level 6.0 Armour
 + Level 7.2 Dodging
 - Level 6.1 Shields


You had 10 spell levels left.
You didn't know any spells.
Your spell library contained the following spells:

 Spells                   Type           Power      Damage    Failure   Level
 Summon Small Mammal      Summ           0%         N/A       43%         1
 Ensorcelled Hibernation  Hex/Ice        0%         N/A       56%         2
 Sublimation of Blood     Necr           0%         N/A       56%         2
 Wereblood                Tmut           0%         N/A       56%         2
 Call Canine Familiar     Summ           0%         N/A       80%         3
 Kindle Blastsparks       Fire/Tloc/Air  0%         2d10      80%         3
 Spider Form              Tmut/Pois      0%         N/A       80%         3
 Summon Guardian Golem    Hex/Summ       0%         N/A       80%         3
 Anguish                  Hex/Necr       0%         N/A       99%         4
 Fulminant Prism          Conj/Hex       0%         3d6       99%         4
 Iskenderun's Mystic Bla  Conj/Tloc      0%         2d3       99%         4
 Leda's Liquefaction      Hex/Erth       0%         N/A       99%         4
 Lee's Rapid Deconstruct  Erth           0%         3d5*      100%        5
 Statue Form              Tmut/Erth      0%         N/A       100%        6
 Summon Hydra             Summ           0%         N/A       100%        7


Dungeon Overview and Level Annotations

Branches:
Dungeon (10/15)            Temple (1/1) D:6            Lair (0/5) D:10
 Bailey (visited)
    Orc: D:9-12

Altars:
Ashenzari
Cheibriados
Dithmenos
Elyvilon
Fedhas
Gozag
Hepliaklqana
Kikubaaqudgha
Makhleb
Nemelex Xobeh
Okawaru
Qazlal
Ru
Sif Muna
Trog
Uskayaw
Vehumet
Wu Jian
Xom
Yredelemnul
Zin
The Shining One

Shops:
D:9 *

Portals:
Abyss: D:8

Annotations:
D:8 2 transporters, hofbold's ghost, novice FoDe
D:9 MirrMurr's ghost, journeyman SpHu


Innate Abilities, Weirdness & Mutations

Your life essence is reduced to manifest your ancestor. (-10% HP)
You are completely covered in rugged brown scales. (AC +3, +7% HP)
You have supernaturally acute eyesight. (SInv)
Armour fits poorly on your strangely shaped body.
You can roll at nearby foes to attack.
You have a long armoured tail.
You curl defensively after being hit. (AC +7*)


Message History

MirrMurr's ghost attacks as you move away!
MirrMurr's ghost misses you.
There is a stone staircase leading up here.
Okay, then.
You feel very buoyant.
You fly up into the air.
MirrMurr's ghost says, "Do you have an apple?
I have a shot I want to try."
MirrMurr's ghost hits you but does no damage.
MirrMurr's ghost attacks as you move away!
MirrMurr's ghost hits you.
MirrMurr's ghost attacks as you move away!
MirrMurr's ghost hits you!
MirrMurr's ghost attacks as you move away!
MirrMurr's ghost hits you but does no damage.
You are too injured to fight recklessly!
The freezing wraith barely misses you.
The freezing wraith completely misses you.
MirrMurr's ghost hits you but does no damage.
MirrMurr's ghost attacks as you move away!
MirrMurr's ghost hits you!
Okay, then.
As you read the scroll of teleportation, it crumbles to dust.
You feel strangely unstable. The freezing wraith closely misses you.
The freezing wraith completely misses you.
MirrMurr's ghost barely misses you.
You are too injured to fight recklessly!
You completely miss MirrMurr's ghost.
MirrMurr's ghost is moderately damaged.
The freezing wraith hits you but does no damage.
The freezing wraith hits you.
* * * LOW HITPOINT WARNING * * *
The freezing wraith drains your vigour!
You feel yourself slow down.
MirrMurr's ghost hits you but does no damage.
Unknown command.
You slash the freezing wraith!
The freezing wraith is moderately damaged.
The freezing wraith hits you!
* * * LOW HITPOINT WARNING * * *
The freezing wraith freezes you!!
You die...

##....##.....##......#
.#....#.......#......#
......###'''###..≈≈≈.#
##.....#.....##.~~≈≈≈#
####.##.....##...∩≈≈#
#..###.#####~~≈≈≈#
##.# #.#####'≈≈≈## #.#
#......WW...#
######'#####....@....#
#........###...<.....#
#........#.'.........#
#........#.#[.[......#
'........#.#..[......#
#........'.#.........#
#........#####+#######
###'###### #.# #..#
#.#


You could see a freezing wraith and MirrMurr's ghost.

Vanquished Creatures
  A two-headed ogre (D:8)
  An orc knight (Bailey)
  Maggie (D:7)
  A hornet (D:9)
  Sigmund (D:2)
  A vampire (D:9)
  10 yaks
  2 shadows
  A wraith (D:9)
  3 steam dragons
  7 orc warriors
  A sky beast (D:7)
  4 black bears
  3 centaurs
  An ogre (D:4)
  6 kobold brigands (Bailey)
  4 bullfrogs
  A necrophage (D:5)
  4 scorpions
  17 wights
  7 killer bees
  A howler monkey (D:8)
  A crimson imp (D:10)
  A hound (D:4)
  2 jellies (D:5)
  3 orc priests
  Jessica (D:2)
  2 iguanas (D:6)
  A hexer (D:9)
  9 orc wizards
  3 gnolls (D:5)
  10 adders
  2 shadow imps
  A white imp (D:5)
  2 worms
  6 dart slugs
  29 orcs
  8 ball pythons
  8 endoplasms
  7 giant cockroaches
  11 goblins
  7 hobgoblins
  3 jackals (D:4)
  2 quokkas
  4 bats
  5 frilled lizards
  10 kobolds
  5 rats
221 creatures vanquished.

Vanquished Creatures (collateral kills)
  A troll (D:10)
  A shadow (D:9)
  A steam dragon (D:10)
  An orc warrior (Bailey)
  A kobold brigand (Bailey)
  3 killer bees
  2 howler monkeys (D:8)
  An orc priest (D:10)
  A white imp (D:8)
  A goblin (D:10)
  4 kobolds (Bailey)
  A plant (D:10)
18 creatures vanquished.

Vanquished Creatures (others)
  2 hexers
  3 ancestors (D:8)
  2 fungi (D:10)
  2 plants (D:10)
9 creatures vanquished.

Grand Total: 248 creatures vanquished

Notes
Turn   | Place    | Note
-------+----------+-------------------------------------------
     0 | D:1      | BlueGoblin the Palentonga Fighter began the quest for the
                  | Orb.
     0 | D:1      | Reached XP level 1. HP: 19/19 MP: 1/1
     9 | D:1      | Found Iquilol's Antique Weapon Emporium.
   399 | D:1      | Reached XP level 2. HP: 25/25 MP: 2/2
   514 | D:1      | Found a faded altar of an unknown god.
   729 | D:1      | Reached XP level 3. HP: 31/31 MP: 3/3
  1176 | D:2      | Noticed Sigmund
  1196 | D:2      | Killed Sigmund
  1197 | D:2      | Reached skill level 4 in Fighting
  1197 | D:2      | Reached XP level 4. HP: 26/39 MP: 4/4
  1197 | D:2      | Reached XP level 5. HP: 29/44 MP: 5/5
  1985 | D:2      | Noticed Jessica
  1989 | D:2      | Killed Jessica
  2172 | D:3      | Reached XP level 6. HP: 44/52 MP: 6/6
  2456 | D:3      | Identified the +6 short sword "Xaoc" {venom, Contam rF++
                  | Dex+5}
  2859 | D:4      | Reached skill level 1 in Dodging
  2880 | D:4      | Reached skill level 5 in Fighting
  3077 | D:4      | Gained mutation: You curl defensively after being hit. (AC
                  | +7*) [Palentonga growth]
  3077 | D:4      | Reached XP level 7. HP: 59/59 MP: 7/7
  3251 | D:5      | Entered Level 5 of the Dungeon
  3251 | D:5      | Noticed a steam dragon
  3263 | D:5      | Found a sacrificial altar of Ru.
  3369 | D:5      | Killed a steam dragon
  3370 | D:5      | Reached skill level 5 in Armour
  3479 | D:5      | Found a shadowy altar of Dithmenos.
  3694 | D:5      | Reached skill level 6 in Fighting
  4079 | D:6      | Reached XP level 8. HP: 60/69 MP: 8/8
  4450 | D:6      | Reached skill level 5 in Shields
  4619 | D:6      | Found a staircase to the Ecumenical Temple.
  4623 | D:6      | Reached skill level 7 in Fighting
  4628 | Temple   | Entered the Ecumenical Temple
  4730 | Temple   | Became a worshipper of Hepliaklqana the Forgotten
  4963 | D:7      | Reached XP level 9. HP: 77/77 MP: 9/9
  5030 | D:7      | Noticed Maggie
  5037 | D:7      | Killed Maggie
  5142 | D:7      | Reached skill level 8 in Fighting
  5319 | D:7      | Reached * piety under Hepliaklqana
  5512 | D:8      | Noticed a two-headed ogre
  5555 | D:8      | Found a transporter.
  5559 | D:8      | Found a one-way gate to the infinite horrors of the Abyss.
  5559 | D:8      | Noticed hofbold's ghost (novice FoDe)
  5564 | D:8      | Noticed a brown ugly thing
  5566 | D:8      | Found a transporter.
  5573 | D:8      | Identified the +9 scimitar of the Revolution {spect, rElec
                  | Str+3 Int+4 Dex+3}
  5684 | D:8      | Reached skill level 5 in Dodging
  5717 | D:8      | Found a glowing golden altar of the Shining One.
  5850 | D:8      | Killed a two-headed ogre
  5851 | D:8      | Reached skill level 9 in Fighting
  6097 | D:8      | Found an opulent altar of Gozag.
  6098 | D:8      | Found a stormy altar of Qazlal.
  6106 | D:8      | Reached XP level 10. HP: 34/80 MP: 10/10
  6155 | D:8      | Found a basalt altar of Yredelemnul.
  6410 | D:9      | Reached skill level 1 in Staves
  6588 | D:9      | Paralysed by a hornet for 2 turns
  6738 | D:9      | Found a runed translucent gate.
  6738 | D:9      | Found a runed translucent gate.
  6738 | D:9      | Found a runed translucent gate.
  6740 | D:9      | Noticed MirrMurr's ghost (journeyman SpHu)
  6763 | D:9      | Found Pylonwo's General Store.
  6876 | D:9      | Reached ** piety under Hepliaklqana
  6878 | D:9      | Remembered your ancestor Paullus as a hexer
  6987 | D:9      | Reached skill level 10 in Fighting
  7264 | D:10     | Entered Level 10 of the Dungeon
  7418 | D:10     | Identified the +3 chain mail of Carriz {rPois}
  7508 | D:10     | Found a radiant altar of Vehumet.
  7508 | D:10     | Found a burning altar of Makhleb.
  7513 | D:10     | Reached skill level 5 in Staves
  7551 | D:10     | Found a flagged portal.
  7564 | Bailey   | Entered a bailey
  7597 | Bailey   | Found the +4 Cigotuvi's embrace {rMiasma Drain rN+}
  7667 | Bailey   | Noticed an orc knight
  7693 | Bailey   | Killed an orc knight
  7694 | Bailey   | Reached XP level 11. HP: 58/89 MP: 11/11
  7859 | Bailey   | Found an iron altar of Okawaru.
  8376 | D:10     | Found a staircase to the Lair.
  8445 | D:9      | Bought the amulet of Pits {rPois Regen+ Dex+4} for 694 gold
                  | pieces
  8508 | D:9      | Slain by a freezing wraith

Illustrated notes

Levels and vault maps discovered:
D:1:      saegor_arrival_simple_b, layout_basic, serial_aquarium,
          aquarium_bridge_square [aquarium_subvault_bridge,
          aquarium_subvault_window, aquarium_subvault_bridge,
          aquarium_subvault_wall], aquarium_window_1, aquarium_window_corner,
          aquarium_window_2, aquarium_window_1, aquarium_view_2c,
          aquarium_balcony_5b, aquarium_pool_2, serial_shops,
          nicolae_diamond_shop, dreamdust_ecumenical_altar_statues
D:2:      layout_basic, uniq_jessica, uniq_sigmund
D:3:      layout_rooms, minmay_misc_feat_enclosed
D:4:      layout_rooms
D:5:      layout_loops_ring, amcnicky_altar_gilded, grunt_dithmenos_smoke
D:6:      layout_cave_pools, minmay_temple_entry_proselytizer
D:7:      layout_rooms, uniq_maggie
D:8:      layout_basic, grunt_temple_overflow_open,
          mainiacjoe_overflow_concentric_impassable,
          gammafunk_ghost_abyssal_escape
D:9:      layout_roguey, gammafunk_ghost_spectres, serial_shops,
          nicolae_shop_waterfront
D:10:     layout_roguey, grunt_temple_overflow_lords_of_destruction,
          grunt_lair_entry_orc_guard_hut, enter_bailey_5
Temple:   compressed_dpeg_circular_temple

Skill      XL: |  1  2  3  4  5  6  7  8  9 10 11 |
---------------+----------------------------------+-----
Shields        | 3 4 5 6 |  6.1
Armour         | 3 4 5 6 |  6.0
Fighting       | 4 5 6 7 9 10 | 10.6
Dodging        | 1 2 4 6 7 |  7.2
Staves         | 6 7 |  7.3
Axes           | |  2.0

Action                   |  1- 3 |  4- 6 |  7- 9 | 10-12 || total
-------------------------+-------+-------+-------+-------++-------
Melee: War axe           |    72 |   129 |   163 |       ||   364
       Tailslap          |     5 |    21 |    33 |    32 ||    91
       Morningstar       |       |       |    43 |     1 ||    44
       Battleaxe         |       |       |    27 |    13 ||    40
       Lajatang          |       |       |       |   216 ||   216
Invok: Recall Ancestor   |       |       |       |     1 ||     1
       Ancestor Life: He |       |       |       |     1 ||     1
 Abil: Rolling Charge    |    10 |     4 |    14 |       ||    28
Evoke: Wand              |       |       |     2 |       ||     2
  Use: Scroll            |     3 |     6 |     6 |     4 ||    19
       Potion            |     1 |       |     2 |     4 ||     7
 Stab: Distracted        |       |       |     1 |     1 ||     2
       Confused          |       |       |       |     1 ||     1
Armor: Scale mail        |    31 |    19 |       |       ||    50
       Chain mail        |       |    19 |       |       ||    19
       Troll leather arm |       |    32 |   128 |    47 ||   207
       Leather armour    |       |       |       |    36 ||    36
Dodge: Dodged            |    23 |    62 |   237 |   187 ||   509
       Repelled          |     1 |       |     2 |     2 ||     5
Block: Buckler           |     9 |    28 |    67 |       ||   104

Table legend: (Time is in decaauts)
 A = Elapsed time spent in this place.
 B = Non-inter-level travel time spent in this place.
 C = Inter-level travel time spent in this place.
 D = Time resting spent in this place.
 E = Time spent auto-exploring this place.
 F = Levels seen in this place.
 G = Mean time per level.
                   A        B        C        D        E       F      G
               +--------+--------+--------+--------+--------+-----+--------+
         Total |   8744 |   8044 |    700 |    347 |   5781 |  12 |  728.7 |
       Dungeon |   8274 |   7611 |    663 |    215 |   5662 |  10 |  827.4 |
        Temple |    132 |     95 |     37 |      0 |     82 |   1 |  132.0 |
        Bailey |    337 |    337 |      0 |    132 |     37 |   1 |  337.0 |
               +--------+--------+--------+--------+--------+-----+--------+

Top non-repeatable levels by time:
     D:9: 1192 daAuts
     D:1: 1185 daAuts
     D:2: 960 daAuts
     D:8: 790 daAuts
     D:5: 788 daAuts
     D:7: 741 daAuts
    D:10: 713 daAuts
     D:6: 687 daAuts
     D:3: 679 daAuts
     D:4: 536 daAuts
  Bailey: 337 daAuts
  Temple: 132 daAuts
